[Event "Titled Tuesday Blitz March 21 Early 2023"]
[White "Tregubov, Pavel V."]
[Black "Devaev, Alexander"]
[WhiteFideId "4115341"]
[BlackFideId "4169395"]
[WhiteElo "2425"]
[BlackElo "2225"]
[Result "1-0"]
[Round "04"]
[TimeControl "180+2"]
[Date "2023.03.21"]
[WhiteClock "0:00:04"]
[BlackClock "0:00:03"]

1. e4 c6 2. Nc3 d5 3. Nf3 Nf6 4. e5 Ne4 5. Ne2 e6 6. d3 Nc5 7. Ng3 Ncd7 8. d4 c5 9. c3 b6 10. Bd3 Ba6 11. O-O Bxd3 12. Qxd3 Be7 13. c4 dxc4 14. Qe4 Na6 15. d5 exd5 16. Qxd5 O-O 17. e6 Nf6 18. Qxc4 Nc7 19. exf7+ Kh8 20. Bf4 Qd5 21. Qc2 Ne6 22. Rfd1 Qb7 23. Bd6 Bxd6 24. Rxd6 Qxf7 25. Ne5 Qe8 26. Re1 Nd4 27. Qd1 Rd8 28. Rxd8 Qxd8 29. h3 Qc7 30. Nf3 Rd8 31. Nxd4 cxd4 32. Qd3 Qd7 33. Nf5 Qd5 34. Re7 Rg8 35. Rxa7 Ne4 36. Ne7 1-0


[Site "https://www.chess.com"]

[Event "Titled Tuesday Blitz March 21 Early 2023"]
[White "Cuenca Jimenez, Jose Fernando"]
[Black "Dinu, Dumitru-Daniel"]
[WhiteFideId "2255570"]
[BlackFideId "1208403"]
[WhiteElo "2429"]
[BlackElo "2240"]
[Result "1-0"]
[Round "04"]
[TimeControl "180+2"]
[Date "2023.03.21"]
[WhiteClock "0:00:20"]
[BlackClock "0:00:02"]

1. c4 e5 2. Nc3 Nc6 3. Nf3 f5 4. d4 e4 5. Ng5 Nf6 6. h4 Bb4 7. e3 O-O 8. Qb3 Bxc3+ 9. bxc3 Kh8 10. c5 Qe7 11. Be2 d6 12. cxd6 cxd6 13. Ba3 Rb8 14. c4 Bd7 15. Rc1 Be8 16. d5 Na5 17. Qb4 Nxc4 18. Bxc4 b5 19. Qxd6 Qxd6 20. Bxd6 bxc4 21. Bxb8 Nxd5 22. Be5 Bb5 23. a4 Ba6 24. Bxg7+ Kxg7 25. Ne6+ Kf7 26. Nxf8 Kxf8 27. Kd2 Nb6 28. Ra1 Nd5 29. Rhc1 Ke7 30. Rab1 Kd6 31. Rb8 Kc5 32. Rh8 Kb4 33. Rxh7 c3+ 34. Ke1 Kb3 35. Rxa7 Nb4 36. Rxa6 Nxa6 37. h5 Nc5 38. Rxc3+ Kxc3 39. h6 Nd3+ 40. Kf1 Ne5 41. h7 Ng6 42. a5 1-0


[Site "https://www.chess.com"]

[Event "Titled Tuesday Blitz March 21 Early 2023"]
[White "Baskin, Robert"]
[Black "Ratsma, Midas"]
[WhiteFideId "24662402"]
[BlackFideId "1032283"]
[WhiteElo "2488"]
[BlackElo "2172"]
[Result "0-1"]
[Round "04"]
[TimeControl "180+2"]
[Date "2023.03.21"]
[WhiteClock "0:01:43"]
[BlackClock "0:01:45"]

1. c4 e5 2. g3 Nf6 3. Bg2 Nc6 4. Nc3 Bb4 5. Nd5 Bc5 6. e3 O-O 7. Ne2 a6 8. O-O d6 9. d4 Ba7 10. h3 Be6 11. Nxf6+ Qxf6 12. d5 Bd7 13. dxc6 Bxc6 14. Nc3 Bxg2 15. Kxg2 c6 16. e4 b5 17. cxb5 axb5 18. Be3 Bd4 19. Bxd4 exd4 20. Ne2 c5 21. b4 Rfe8 22. f3 Ra3 23. Nf4 c4 24. Nd5 Qe5 25. Re1 d3 26. Qd2 Qd4 27. Qe3 Qb2+ 28. Kh1 d2 29. Qf4 dxe1=Q+ 30. Rxe1 Qf2 31. Re3 Rxa2 0-1


[Site "https://www.chess.com"]

[Event "Titled Tuesday Blitz March 21 Early 2023"]
[White "cryptoguru02"]
[Black "Al-Tarboush, Ward"]
[BlackFideId "7601450"]
[WhiteElo "2434"]
[BlackElo "2257"]
[Result "1-0"]
[Round "04"]
[TimeControl "180+2"]
[Date "2023.03.21"]
[WhiteClock "0:01:13"]
[BlackClock "0:00:07"]

1. d4 d5 2. c4 c6 3. Nc3 Nf6 4. Nf3 dxc4 5. a4 Bf5 6. Ne5 Nbd7 7. Nxc4 Nb6 8. Ne5 a5 9. g3 e6 10. Bg2 Bb4 11. O-O O-O 12. e3 Qe7 13. Qe2 Rad8 14. Rd1 h5 15. e4 Bh7 16. Bg5 Bg6 17. Nxg6 fxg6 18. e5 Qf7 19. exf6 gxf6 20. Be3 Nd5 21. Nxd5 exd5 22. Qd3 Rde8 23. Bd2 Qe7 24. Qxg6+ Qg7 25. Qxg7+ Kxg7 26. Bxb4 axb4 27. Re1 Kf7 28. Bf3 Kg6 29. b3 h4 30. Kf1 hxg3 31. hxg3 f5 32. Rxe8 Rxe8 33. Re1 Ra8 34. Re7 Ra7 35. Rc7 Kf6 36. g4 fxg4 37. Bxg4 Ra8 38. Rxb7 Re8 39. Bf3 Ke6 40. Rxb4 Kd6 41. a5 Ra8 42. Ra4 Kc7 43. b4 Kb7 44. b5 Rf8 45. bxc6+ Kxc6 46. Ra3 Rd8 47. a6 Ra8 48. a7 Kd6 49. Ra5 Kc6 50. Bxd5+ Kb6 51. Bxa8 Kxa5 52. Be4 Kb6 53. a8=Q Kc7 54. Qd5 Kb6 55. Bh7 Kc7 56. Ke2 Kb6 57. Qc5+ Kb7 58. Kd3 Ka6 59. Qb4 Ka7 60. Kc4 Ka6 61. Kc5 Ka7 62. Kc6 Ka8 63. Qb7# 1-0


[Site "https://www.chess.com"]

[Event "Titled Tuesday Blitz March 21 Early 2023"]
[White "Grot, Blazej"]
[Black "Rastbod, Ali"]
[WhiteFideId "21835845"]
[BlackFideId "12567477"]
[WhiteElo "1823"]
[BlackElo "2211"]
[Result "1-0"]
[Round "04"]
[TimeControl "180+2"]
[Date "2023.03.21"]
[WhiteClock "0:00:19"]
[BlackClock "0:00:26"]

1. e4 e6 2. d4 d5 3. Nc3 Nc6 4. exd5 exd5 5. Nf3 Nf6 6. h3 Bb4 7. Bd3 O-O 8. O-O h6 9. Re1 Re8 10. Rxe8+ Nxe8 11. Ne2 Bf8 12. a4 Nb4 13. Ng3 Nxd3 14. Qxd3 Nd6 15. Ne5 Qe8 16. b3 f6 17. Ng6 Qe1+ 18. Kh2 Qxf2 19. Be3 Qxg3+ 20. Kxg3 Bf5 21. Qd1 Bxg6 22. a5 Be4 23. Kh2 g5 24. a6 b6 25. c4 dxc4 26. bxc4 Nxc4 27. Bf2 Bd5 28. Qd3 Kg7 29. Re1 Rd8 30. Bg3 c6 31. h4 Bf7 32. Rf1 Bd6 33. Qe2 Bxg3+ 34. Kxg3 Rxd4 35. Qe7 Rd6 36. Qxa7 Ne5 37. Re1 Rd3+ 38. Kh2 Rd2 39. Rxe5 fxe5 40. Qe7 Ra2 41. Qxe5+ Kg6 42. Qd6+ Kh5 43. Qxc6 Rxa6 44. Qf3+ Kg6 45. Qd3+ Kf6 46. Qxa6 1-0


[Site "https://www.chess.com"]

[Event "Titled Tuesday Blitz March 21 Early 2023"]
[White "Loiacono, Antonio"]
[Black "Mazurkiewicz, Michal"]
[WhiteFideId "895415"]
[BlackFideId "1124943"]
[WhiteElo "2257"]
[BlackElo "2054"]
[Result "1/2-1/2"]
[Round "04"]
[TimeControl "180+2"]
[Date "2023.03.21"]
[WhiteClock "0:00:08"]
[BlackClock "0:00:08"]

1. e4 d6 2. d4 Nf6 3. Nc3 c6 4. Nf3 Bg4 5. h3 Bh5 6. Be2 e6 7. O-O d5 8. e5 Nfd7 9. Nh2 Bg6 10. f4 c5 11. dxc5 Bxc5+ 12. Kh1 h5 13. Nf3 Nc6 14. a3 Ne7 15. b4 Bb6 16. Nb5 Nf5 17. Kh2 a6 18. Nbd4 Rc8 19. Nxf5 Bxf5 20. Bd3 Bxd3 21. cxd3 g6 22. Bb2 Nb8 23. Qd2 Nc6 24. Rac1 O-O 25. Rc2 Ne7 26. Bd4 Rxc2 27. Qxc2 Nf5 28. Bxb6 Qxb6 29. Qc5 Qb5 30. Qxb5 axb5 31. Re1 h4 32. Rc1 Ra8 33. Rc3 d4 34. Rb3 Rc8 35. Ng5 Rc2 36. Nf3 Rc1 37. a4 bxa4 38. Ra3 Ng3 39. Nxh4 Nf1+ 40. Kg1 Ne3+ 41. Kf2 Nd1+ 42. Kf3 Nb2 43. Ke4 Rc3 44. Ra2 Nxd3 45. Kxd4 Rb3 46. Rxa4 Rxb4+ 47. Rxb4 Nxb4 48. Kc5 Nd3+ 49. Kb6 Nxf4 50. Kxb7 Nd3 51. Nf3 Nxe5 52. Nxe5 Kg7 53. Nf3 Kf6 54. Kc6 Kf5 55. g3 g5 56. Nh2 Ke4 57. Kd6 f5 58. h4 f4 59. gxf4 gxf4 60. h5 Kf5 61. h6 Kg6 62. Ng4 f3 63. Kxe6 f2 64. Nxf2 Kxh6 1/2-1/2


[Site "https://www.chess.com"]

[Event "Titled Tuesday Blitz March 21 Early 2023"]
[White "Gallo Garcia, Kemel Antonio"]
[Black "Kovalevsky, Stanislav"]
[WhiteFideId "3523896"]
[BlackFideId "13508598"]
[WhiteElo "2359"]
[BlackElo "2174"]
[Result "0-1"]
[Round "04"]
[TimeControl "180+2"]
[Date "2023.03.21"]
[WhiteClock "0:01:49"]
[BlackClock "0:02:08"]

1. d4 d5 2. c4 c6 3. Nf3 Nf6 4. e3 e6 5. Nc3 Nbd7 6. Bd2 Ne4 7. Bd3 f5 8. O-O Bd6 9. Bxe4 fxe4 10. Ne5 Bxe5 11. dxe5 Nxe5 12. Qh5+ Ng6 13. Ne2 O-O 14. Bc3 Rf5 15. Qh3 e5 16. g3 Rg5 17. Qg2 Nh4 18. Qh1 Bh3 0-1


[Site "https://www.chess.com"]

[Event "Titled Tuesday Blitz March 21 Early 2023"]
[White "Koellner, Ruben Gideon"]
[Black "Jimenez Jimenez, Leandro"]
[WhiteFideId "12993093"]
[BlackFideId "6415253"]
[WhiteElo "2303"]
[BlackElo "2263"]
[Result "1-0"]
[Round "04"]
[TimeControl "180+2"]
[Date "2023.03.21"]
[WhiteClock "0:02:16"]
[BlackClock "0:00:03"]

1. d4 d5 2. Nf3 Nf6 3. e3 e6 4. Nbd2 c5 5. c3 Nc6 6. Bd3 Bd6 7. O-O O-O 8. dxc5 Bxc5 9. b4 Bb6 10. b5 Na5 11. c4 Qe7 12. a4 Rd8 13. Ba3 Bc5 14. Bxc5 Qxc5 15. Qc2 Bd7 16. cxd5 Qxc2 17. Bxc2 Nxd5 18. Be4 Rac8 19. Rfc1 Nc3 20. Kf1 Kf8 21. h4 Ke7 22. Bxh7 g6 23. h5 Kf6 24. hxg6 fxg6 25. Rxc3 Rxc3 26. Ne4+ Kg7 27. Nxc3 Kxh7 28. Rd1 Nb3 29. Ne5 Nc5 30. Ke1 Kg7 31. f4 Kf6 32. g4 g5 33. Nxd7+ Rxd7 34. Ne4+ Nxe4 35. Rxd7 Nc5 36. Rc7 Nxa4 37. Rxb7 Nc3 38. Kd2 Ne4+ 39. Ke2 Nc3+ 40. Kd3 Nd5 41. fxg5+ Kxg5 42. Rxa7 Kxg4 43. Rd7 Nb4+ 44. Kc4 Nd5 45. Rxd5 exd5+ 46. Kxd5 Kf3 47. e4 Ke3 48. e5 Kd2 49. e6 Kc1 50. b6 Kb2 51. b7 Ka1 52. b8=Q Ka2 53. e7 Ka1 54. e8=Q Ka2 55. Qec8 Ka1 56. Qcb7 Ka2 57. Kc4 Ka1 58. Kc3 Ka2 59. Q8a8# 1-0


[Site "https://www.chess.com"]

[Event "Titled Tuesday Blitz March 21 Early 2023"]
[White "Begunov, Konstantin"]
[Black "Berezin, Viktor"]
[WhiteFideId "4118510"]
[BlackFideId "14107872"]
[WhiteElo "2079"]
[BlackElo "2310"]
[Result "1-0"]
[Round "04"]
[TimeControl "180+2"]
[Date "2023.03.21"]
[WhiteClock "0:00:05"]
[BlackClock "0:00:05"]

1. d4 Nf6 2. c4 g6 3. f3 Bg7 4. e4 O-O 5. Nc3 d6 6. Be3 b6 7. Bd3 Bb7 8. Nge2 c5 9. d5 e6 10. dxe6 fxe6 11. O-O d5 12. cxd5 exd5 13. exd5 Kh8 14. Nf4 Qd6 15. Ne6 Re8 16. Bf4 Qe7 17. Nc7 Nbd7 18. d6 Qf7 19. Nxa8 Bxa8 20. Re1 Ne4 21. Bxe4 Qxf4 22. Bxa8 Bd4+ 23. Kh1 Rxa8 24. Ne2 Qxd6 25. Nxd4 cxd4 26. Qd3 Nc5 27. Qc4 Rd8 28. Rad1 a5 29. a3 a4 30. Qb5 d3 31. Qc4 Kg7 32. Re3 Qd4 33. Qxd4+ Rxd4 34. Kg1 Rc4 35. Rd2 b5 36. Kf2 b4 37. axb4 Rxb4 38. Re5 Rc4 39. Ke3 Kf6 40. Rd5 Ke6 41. Rd4 Rc1 42. h4 Ke5 43. Rb4 Kd5 44. Rd4+ Ke5 45. Rb4 Re1+ 46. Kf2 Rh1 47. Rb5 Kd4 48. Rb4+ Kd5 49. Ke3 Re1+ 50. Kf2 Re7 51. Rf4 Rb7 52. h5 gxh5 53. Rh4 Re7 54. Rxh5+ Kc4 55. Rh4+ Kb3 56. Rh5 Rc7 57. Ke3 Re7+ 58. Kf2 Kc4 59. g4 Nb3 60. Rd1 Re2+ 61. Kg3 Rxb2 62. Rxh7 a3 63. Rd7 Nc5 64. Ra7 a2 65. g5 Rb1 66. Rxd3 Nxd3 67. Rxa2 Rg1+ 68. Kh4 Kd4 69. Re2 Ne5 70. f4 Nd3 71. f5 Nf4 72. Re7 Nd5 73. Re6 Nf4 74. Re8 Ng2+ 75. Kh5 Nf4+ 76. Kh6 Rh1+ 77. Kg7 Nh5+ 78. Kf7 Rf1 79. f6 Nf4 80. g6 Nd5 81. Re6 Nf4 82. g7 Nxe6 83. Kxe6 Rg1 84. f7 Re1+ 85. Kd7 Rf1 86. f8=Q Rd1 87. g8=Q Kc3+ 88. Ke8 Kc2 89. Qe7 Rd2 90. Qg3 Rd3 91. Qgc7+ Kd2 92. Qe4 Rh3 93. Qcc2# 1-0


[Site "https://www.chess.com"]

[Event "Titled Tuesday Blitz March 21 Early 2023"]
[White "Hoffmann, Asa"]
[Black "benny_aizenberg"]
[WhiteFideId "2001470"]
[WhiteElo "2117"]
[BlackElo "2564"]
[Result "0-1"]
[Round "04"]
[TimeControl "180+2"]
[Date "2023.03.21"]
[WhiteClock "0:00:20"]
[BlackClock "0:00:41"]

1. d4 Nf6 2. Bg5 Ne4 3. Bf4 c5 4. f3 Nf6 5. dxc5 Na6 6. e4 Nxc5 7. c4 d6 8. Nc3 g6 9. e5 Nh5 10. Be3 Bg7 11. Bxc5 dxc5 12. Qxd8+ Kxd8 13. O-O-O+ Kc7 14. Nd5+ Kb8 15. g4 e6 16. gxh5 exd5 17. Rxd5 Be6 18. Rxc5 b6 19. Rb5 Bd7 20. Rb3 Bxe5 21. Bh3 Ba4 22. Rd3 Bf4+ 23. Kb1 Re8 24. b3 Re1+ 25. Kc2 Bc6 26. Rd1 Re7 27. hxg6 fxg6 28. Bf1 Kc7 29. Bd3 Bh6 30. h4 Rf8 31. h5 g5 32. Rh3 g4 33. fxg4 Rf2+ 34. Kb1 Bg2 35. Rh2 Re3 36. Bc2 Bf4 37. Rxg2 Rxg2 38. Bxh7 Reg3 39. Be4 Rxg1 40. Rxg1 Rxg1+ 41. Kc2 Rxg4 0-1


[Site "https://www.chess.com"]

[Event "Titled Tuesday Blitz March 21 Early 2023"]
[White "Jakubowska, Anna"]
[Black "Srinath, Rao S.V."]
[WhiteFideId "1121952"]
[BlackFideId "5028876"]
[WhiteElo "2001"]
[BlackElo "2196"]
[Result "0-1"]
[Round "04"]
[TimeControl "180+2"]
[Date "2023.03.21"]
[WhiteClock "0:00:01"]
[BlackClock "0:00:54"]

1. e4 d6 2. d4 g6 3. Nc3 Bg7 4. Be3 Nf6 5. f3 c6 6. Qd2 Qc7 7. h4 h5 8. Nh3 Nbd7 9. Ng5 b5 10. f4 b4 11. Ne2 a5 12. e5 dxe5 13. fxe5 Nd5 14. e6 Nf8 15. exf7+ Kd8 16. Nf4 Qd6 17. Bc4 Nxe3 18. Qxe3 Bxd4 19. Qxd4 Qxd4 20. Rd1 Qxd1+ 21. Kxd1 e5 22. Nd3 Bg4+ 23. Kc1 Nd7 24. Re1 Ke7 25. Nxe5 Nxe5 26. Rxe5+ Kf6 27. Rc5 Rac8 28. Ne4+ Kg7 29. Nd6 Rcd8 30. Rxc6 Rd7 31. c3 bxc3 32. bxc3 Rb8 33. a4 Re7 34. Ne8+ Kf8 35. Nf6 Re1+ 36. Kd2 Rd1+ 37. Ke3 Kg7 38. Nxg4 hxg4 39. Rc7 Rbd8 40. Kf4 R1d2 41. Kxg4 Rxg2+ 42. Kf3 Rh2 43. Bb5 Rf8 44. Be8 Rxh4 45. c4 Rh3+ 46. Kg4 Rc3 47. c5 Rh8 48. Kf4 Rh5 49. c6 Rhc5 50. Ra7 R3c4+ 51. Ke3 Rb4 52. c7 Rbc4 53. Bd7 Rxc7 0-1


[Site "https://www.chess.com"]

[Event "Titled Tuesday Blitz March 21 Early 2023"]
[White "Fernandez Garcia, Gumersindo"]
[Black "Arias, Juan Cruz"]
[WhiteFideId "24516740"]
[BlackFideId "118540"]
[WhiteElo "2093"]
[BlackElo "2243"]
[Result "1-0"]
[Round "04"]
[TimeControl "180+2"]
[Date "2023.03.21"]
[WhiteClock "0:00:12"]
[BlackClock "0:00:53"]

1. d4 Nf6 2. Nf3 d5 3. g3 e6 4. Bg2 c5 5. O-O Nc6 6. c4 dxc4 7. dxc5 Qxd1 8. Rxd1 Bxc5 9. Na3 Bxa3 10. bxa3 Bd7 11. Bb2 Rc8 12. Rac1 Na5 13. Ne5 Ba4 14. Rd4 b5 15. Bc3 Nb3 16. axb3 cxb3 17. Bc6+ Kf8 18. Bb4+ Kg8 19. Rcd1 h5 20. Bb7 Rb8 21. Rd8+ Kh7 22. Rxh8+ Kxh8 23. Bf3 Kg8 24. Nd3 Rc8 25. Rb1 Rc2 26. Rb2 Rc4 27. Nc5 h4 28. gxh4 Rxh4 29. Nxb3 Nd5 30. Bxd5 exd5 31. Nc5 Bd1 32. Rd2 Rg4+ 33. Kf1 Ba4 34. Nxa4 bxa4 35. Rxd5 Rh4 36. Kg2 Rg4+ 37. Kf3 Rh4 38. Kg3 Rc4 39. Ra5 Rc2 40. e3 Rc7 41. Rxa4 f6 42. Ra5 Kf7 43. Bc5 Kg6 44. Bxa7 Rc4 45. Bd4 Rc2 46. Ra7 Ra2 47. a4 Kf5 48. a5 g5 49. Ra6 g4 50. Rxf6+ Kg5 51. Rf4 Rxa5 52. Rxg4+ Kh5 53. h3 Rb5 54. Rf4 Rb1 55. Rf5+ Kg6 56. Rd5 Rb3 57. Kf4 Kh6 58. Rd6+ Kh5 59. Bg7 Rb4+ 60. e4 Rb6 61. Rxb6 1-0


[Site "https://www.chess.com"]

[Event "Titled Tuesday Blitz March 21 Early 2023"]
[White "Ismagilov, Damir"]
[Black "Fernandez Hernandez, Arturo A."]
[WhiteFideId "34199982"]
[BlackFideId "3509230"]
[WhiteElo "2078"]
[BlackElo "2393"]
[Result "1-0"]
[Round "04"]
[TimeControl "180+2"]
[Date "2023.03.21"]
[WhiteClock "0:00:03"]
[BlackClock "0:00:05"]

1. c4 e6 2. Nc3 d5 3. e3 Nf6 4. b3 Be7 5. Bb2 O-O 6. Nf3 c5 7. cxd5 exd5 8. d4 b6 9. Be2 Bb7 10. O-O Nbd7 11. Rc1 Rc8 12. Bd3 Re8 13. Qe2 Bd6 14. Ba6 Bxa6 15. Qxa6 Bb8 16. Rfd1 c4 17. Nb5 Ne4 18. bxc4 Rxc4 19. Nxa7 Bxa7 20. Qxa7 b5 21. Qb7 Nb6 22. Ne5 Nd6 23. Qa7 Ra4 24. Qc7 Qxc7 25. Rxc7 Rxa2 26. Bc3 f6 27. Nd3 Rc8 28. Rxc8+ Ndxc8 29. Ra1 Rxa1+ 30. Bxa1 Kf7 31. Kf1 g5 32. Ke2 Ke6 33. Bc3 Nd6 34. Ba5 Nbc4 35. Nc5+ Ke7 36. Bb4 Kf7 37. Na6 Ne8 38. f3 h5 39. e4 dxe4 40. fxe4 Ke6 41. Kd3 Nb2+ 42. Kc3 Nd1+ 43. Kd2 Nf2 44. Nc5+ Ke7 45. h3 Kd8 46. Ke2 Nh1 47. Kf3 h4 48. Be1 Nd6 49. e5 fxe5 50. dxe5 Nc4 51. Ne6+ Ke7 52. Nxg5 Nxe5+ 53. Ke4 Kf6 54. Bxh4 Ng6 55. Nf3+ Nxh4 56. Nxh4 Kg5 57. Nf3+ Kh5 58. Nd4 Ng3+ 59. Kf3 Nf1 60. Nxb5 Kh4 61. Nd4 Nd2+ 62. Kf2 Ne4+ 63. Kg1 Ng3 64. Nf3+ Kh5 65. Kf2 Ne4+ 66. Ke3 Ng3 67. Kf4 Ne2+ 68. Kf5 Ng3+ 69. Ke5 Kh6 70. Kf4 Ne2+ 71. Kg4 Kg6 72. h4 Kh6 73. Kh3 Nf4+ 74. Kg4 Ne2 75. g3 Nc3 76. Kf5 Ne2 77. g4 Ng3+ 78. Kf6 Ne4+ 79. Ke5 Nf2 80. Kf5 Nd3 81. g5+ Kh5 82. g6 Kh6 83. Kf6 Nf4 84. Ne5 Nh5+ 85. Kf7 Ng7 86. Ng4+ 1-0


[Site "https://www.chess.com"]

[Event "Titled Tuesday Blitz March 21 Early 2023"]
[White "Shuvalov, Evgenij"]
[Black "Carrasco Miranda, Andres"]
[WhiteFideId "4187237"]
[BlackFideId "3405990"]
[WhiteElo "2080"]
[BlackElo "2183"]
[Result "0-1"]
[Round "04"]
[TimeControl "180+2"]
[Date "2023.03.21"]
[WhiteClock "0:00:51"]
[BlackClock "0:00:31"]

1. d4 Nf6 2. c4 g6 3. Nc3 d5 4. cxd5 Nxd5 5. e4 Nxc3 6. bxc3 Bg7 7. Nf3 c5 8. Rb1 O-O 9. Be2 Nc6 10. d5 Ne5 11. Nxe5 Bxe5 12. Qd2 e6 13. c4 f5 14. O-O fxe4 15. Bb2 Bxb2 16. Rxb2 exd5 17. cxd5 Qd6 18. Rd1 b6 19. Qe3 Re8 20. Rbd2 Bd7 21. h4 Re5 22. Qg3 Rf8 23. h5 Rf6 24. h6 Kf7 25. a4 Bxa4 26. Ra1 b5 27. Bxb5 Bxb5 28. Rxa7+ Re7 29. Qa3 e3 30. fxe3 Rf1# 0-1


[Site "https://www.chess.com"]

[Event "Titled Tuesday Blitz March 21 Early 2023"]
[White "Escanor89"]
[Black "Kavutskiy, Konstantin"]
[BlackFideId "2026384"]
[WhiteElo "2395"]
[BlackElo "2369"]
[Result "1/2-1/2"]
[Round "04"]
[TimeControl "180+2"]
[Date "2023.03.21"]
[WhiteClock "0:00:05"]
[BlackClock "0:00:05"]

1. c4 g6 2. Nc3 Bg7 3. d4 d6 4. e4 Nf6 5. h3 O-O 6. Be3 Na6 7. g4 c6 8. Bg2 Nc7 9. Nge2 e5 10. d5 cxd5 11. cxd5 b5 12. O-O b4 13. Na4 Bd7 14. a3 bxa3 15. Rxa3 h5 16. f3 Nh7 17. gxh5 gxh5 18. f4 f5 19. Nac3 Kh8 20. Ng3 fxe4 21. Ncxe4 h4 22. Nh5 Rg8 23. Nxg7 Rxg7 24. Ng5 exf4 25. Nxh7 fxe3 26. Nf6 Be8 27. Rxe3 Bg6 28. Qd4 Bh7 29. Qxh4 Nxd5 30. Re8+ Qxe8 31. Nxe8 Rxe8 32. Qd4 Be4 33. Rf2 Re5 34. Kh2 Bxg2 35. Rxg2 Rxg2+ 36. Kxg2 a5 37. Kg3 Kg7 38. h4 Kg6 39. Qg4+ Kf6 40. Qg8 Re3+ 41. Kf2 Re5 42. Qd8+ Ke6 43. Qxa5 Rf5+ 44. Kg1 Rh5 45. Qe1+ Re5 46. Qg3 Kf6 47. Qf3+ Rf5 48. Qg3 Re5 49. b3 Nc7 50. Kh2 Ne6 51. Qf3+ Rf5 52. Qg3 Re5 53. b4 Rf5 54. Qc3+ Re5 55. b5 Nc5 56. b6 Kf7 57. Qb2 Re7 58. Qb5 Ke6 59. h5 Rh7 60. Kg2 Rxh5 61. Qe8+ Kd5 62. Qxh5+ Kc6 63. Qe8+ Kxb6 64. Kf3 Kc7 65. Ke3 Nd7 66. Kd4 Nb6 67. Qe7+ Kc6 68. Qe8+ Kc7 69. Qb5 Kb7 70. Qe8 Kc7 1/2-1/2


[Site "https://www.chess.com"]

[Event "Titled Tuesday Blitz March 21 Early 2023"]
[White "Afanasieva, Alexandra"]
[Black "Nefedov, Sergey"]
[WhiteFideId "34126926"]
[BlackFideId "24113417"]
[WhiteElo "1763"]
[BlackElo "2227"]
[Result "0-1"]
[Round "04"]
[TimeControl "180+2"]
[Date "2023.03.21"]
[WhiteClock "0:02:47"]
[BlackClock "0:02:50"]

1. e4 d5 2. exd5 Qxd5 3. Nc3 Qd8 4. d4 Nf6 5. Nf3 c6 6. Bc4 Bf5 7. Bg5 e6 8. Qd2 Be7 9. h3 Nbd7 10. O-O-O b5 11. Bb3 a5 12. a4 b4 0-1


[Site "https://www.chess.com"]

[Event "Titled Tuesday Blitz March 21 Early 2023"]
[White "Jovic, Stanoje"]
[Black "The_Sherman_Variation"]
[WhiteFideId "905020"]
[WhiteElo "2236"]
[BlackElo "2546"]
[Result "0-1"]
[Round "04"]
[TimeControl "180+2"]
[Date "2023.03.21"]
[WhiteClock "0:00:01"]
[BlackClock "0:00:51"]

1. c4 e5 2. g3 Nf6 3. Bg2 d5 4. cxd5 Nxd5 5. Nf3 Nc6 6. O-O Be6 7. d4 e4 8. Ne5 Nxe5 9. dxe5 Nb6 10. Bxe4 c6 11. Nc3 Bc5 12. Qxd8+ Rxd8 13. Bg5 Rd7 14. b3 h6 15. Bf4 Ke7 16. Rfd1 Rhd8 17. Rxd7+ Rxd7 18. Rd1 Rxd1+ 19. Nxd1 Nd5 20. Bxd5 Bxd5 21. Nc3 Be6 22. h4 h5 23. Kf1 g6 24. Bg5+ Kd7 25. Ne4 Bb6 26. Be3 Bxe3 27. fxe3 b6 28. Ke1 Bf5 29. Ng5 Bb1 30. Kd2 Ke7 31. Kc3 Bf5 32. b4 Bg4 33. Kd3 Bd7 34. e4 Bg4 35. e3 Bd7 36. Kd4 Bg4 37. a3 Bd1 38. Nh3 Bb3 39. Nf4 Ba2 40. Ne2 Bb3 41. Nc3 Bc2 42. a4 Bb3 43. a5 c5+ 44. bxc5 bxa5 45. c6 a4 46. Nb5 a6 47. Na3 Kd8 48. Kc5 Kc7 49. Nb1 Bc2 50. Nc3 Bb3 51. Nd5+ Bxd5 52. exd5 a3 53. d6+ Kc8 54. c7 Kb7 55. Kd5 a2 56. e6 fxe6+ 57. Kxe6 a1=Q 58. Kd7 Qg7+ 59. Kd8 Qf8+ 60. Kd7 Qc8+ 61. Ke7 Kc6 62. e4 Qd7+ 63. Kf6 Qxd6+ 64. Kg5 Kxc7 0-1


[Site "https://www.chess.com"]

[Event "Titled Tuesday Blitz March 21 Early 2023"]
[White "Mogirzan, Matei-Valeriu"]
[Black "Garv Gaur"]
[WhiteFideId "1257455"]
[BlackFideId "45030839"]
[WhiteElo "1733"]
[BlackElo "2068"]
[Result "0-1"]
[Round "04"]
[TimeControl "180+2"]
[Date "2023.03.21"]
[WhiteClock "0:00:01"]
[BlackClock "0:00:16"]

1. e4 g6 2. g4 d5 3. e5 c5 4. c4 d4 5. d3 Nc6 6. f4 h5 7. g5 Bg4 8. Nf3 e6 9. h3 Bf5 10. Nh4 Nge7 11. Na3 Nc8 12. Nxf5 gxf5 13. h4 N8e7 14. Be2 Ng6 15. Bxh5 Qa5+ 16. Kf1 Nb4 17. Rh2 O-O-O 18. Bxg6 fxg6 19. Bd2 Qb6 20. Bxb4 cxb4 21. Nc2 Rh5 22. b3 Bc5 23. Ne1 Rdh8 24. Ng2 Qc6 25. Kf2 Be7 26. Qf3 Qa6 27. Kg3 Qa3 28. Ne1 Qa5 29. Nc2 Qc5 30. Qf2 Rd8 31. Qf3 Qc7 32. a3 bxa3 33. b4 Rdh8 34. Nxa3 a6 35. c5 Kb8 36. Nc4 Qd7 37. Nb6 Qb5 38. Ra5 Qxb4 39. Rxa6 Bxc5 40. Ra8+ Kc7 41. Rxh8 Rxh8 42. Nc4 Qe1+ 43. Qf2 Qd1 44. Qf3 Qg1+ 45. Rg2 Qe1+ 46. Qf2 Qd1 47. Qf3 Qxf3+ 48. Kxf3 Rxh4 49. Rg3 Rh2 50. Rg2 Rh3+ 51. Rg3 Rh2 52. Rg2 Rh1 53. Rg3 Rf1+ 54. Ke2 Rxf4 55. Rh3 Rg4 56. Rh7+ Kc6 57. Rh8 Rxg5 58. Rc8+ Kb5 59. Rb8 b6 60. Re8 Rg2+ 61. Kf3 Rg1 62. Rxe6 g5 63. Re8 g4+ 64. Kf2 Rd1 65. e6 Rxd3 66. Ne5 Re3 67. Nd7 d3 68. Nxc5 Re2+ 69. Kf1 Kxc5 70. e7 Kd6 71. Rd8+ Kxe7 72. Rxd3 Re4 73. Rb3 Re6 74. Kf2 Kf6 75. Kg3 Kg5 76. Rb5 Re3+ 77. Kf2 Rf3+ 78. Kg2 Kh4 79. Rxb6 Rd3 80. Rb4 Kg5 81. Rb5 Re3 82. Kf2 Re4 83. Kg3 Re3+ 84. Kf2 Rf3+ 85. Kg2 Kf4 86. Rb4+ Ke5 87. Rb5+ Ke4 88. Rb4+ Kd5 89. Rb5+ Ke6 90. Rb6+ Kf7 91. Rb7+ Kf6 92. Rb6+ Kg7 93. Rb7+ Kg6 94. Rb6+ Kh5 95. Rb5 Rf4 96. Kg3 Rf1 97. Rc5 Rf3+ 98. Kg2 Kh4 99. Rc8 Ra3 100. Rh8+ Kg5 101. Rb8 Ra2+ 102. Kg1 Kh4 103. Rb3 f4 104. Kf1 f3 105. Kg1 Kg3 0-1


[Site "https://www.chess.com"]

[Event "Titled Tuesday Blitz March 21 Early 2023"]
[White "ArtemDyachuk"]
[Black "Gubajdullin, Alexei"]
[BlackFideId "4141202"]
[WhiteElo "2377"]
[BlackElo "2267"]
[Result "0-1"]
[Round "04"]
[TimeControl "180+2"]
[Date "2023.03.21"]
[WhiteClock "0:00:02"]
[BlackClock "0:00:57"]

1. Nf3 Nf6 2. c4 c5 3. e3 g6 4. b3 Bg7 5. Bb2 O-O 6. Be2 b6 7. O-O Bb7 8. Qc1 Nc6 9. Rd1 Rc8 10. Nc3 d5 11. Nxd5 Nxd5 12. Bxg7 Kxg7 13. cxd5 Qxd5 14. Qb2+ e5 15. Rac1 f6 16. a3 e4 17. Ne1 Ne5 18. d3 exd3 19. Bxd3 Nxd3 20. Rxd3 Qe6 21. Rcd1 Rf7 22. Qd2 Rcc7 23. b4 c4 24. Rd6 Qe5 25. f4 Qe4 26. Qc3 Rce7 27. Kf2 b5 28. Nf3 h6 29. Rd8 g5 30. h3 gxf4 31. exf4 Qe2+ 32. Kg3 Re3 33. Qd2 Bxf3 34. gxf3 Qxf3+ 35. Kh2 Qxh3+ 36. Kg1 Rg3+ 0-1


[Site "https://www.chess.com"]

[Event "Titled Tuesday Blitz March 21 Early 2023"]
[White "Do Nascimento,Christian Almeida"]
[Black "Krzywda, Andrzej"]
[WhiteFideId "2143801"]
[BlackFideId "1114565"]
[WhiteElo "2125"]
[BlackElo "2155"]
[Result "0-1"]
[Round "04"]
[TimeControl "180+2"]
[Date "2023.03.21"]
[WhiteClock "0:01:20"]
[BlackClock "0:00:54"]

1. d4 d5 2. e3 Nf6 3. Bd3 c5 4. c3 Nc6 5. f4 g6 6. Nf3 Bg7 7. O-O O-O 8. Ne5 Qc7 9. Nd2 b6 10. Nxc6 Qxc6 11. Nf3 Qc7 12. Bd2 a5 13. Qe2 a4 14. Be1 a3 15. b3 cxd4 16. cxd4 Bf5 17. Bxf5 gxf5 18. Bb4 Rfc8 19. h3 Ne4 20. Rfc1 Qxc1+ 21. Rxc1 Rxc1+ 22. Be1 Rac8 23. Kh2 R1c2 24. Qa6 Rb8 25. Qxa3 e6 26. Qa7 Rbc8 27. Qxb6 Rxa2 28. Qb7 Rcc2 29. Qb8+ Bf8 30. Bb4 Rxg2+ 31. Kh1 Ng3# 0-1


[Site "https://www.chess.com"]